 Dungeon Crawl Stone Soup version 0.26.1-11-gd32895ea62 (webtiles) character file.

Game seed: 6982386206065199939

3063 dtburroughs the Fighter (level 9, -11/123 HPs)
             Began as a Minotaur Berserker on June 12, 2021.
             Was an Elder of Trog.
             Mangled by Menkaure (16 damage)
             ... on level 7 of the Dungeon.
             The game lasted 00:13:07 (7423 turns).

dtburroughs the Fighter (Minotaur Berserker)        Turns: 7423, Time: 00:13:07

Health: -11/123    AC: 13    Str: 21    XL:     9   Next: 57%
Magic:  8/8        EV:  9    Int:  7    God:    Trog [****..]
Gold:   546        SH:  0    Dex: 11    Spells: 8/8 levels left

rFire    . . .     SeeInvis .   s - +0 war axe
rCold    . . .     Faith    .   (no shield)
rNeg     . . .     Spirit   .   H - +0 plate armour
rPois    .         Reflect  .   (helmet restricted)
rElec    .         Harm     .   D - scarf {shadows}
rCorr    .         Rampage  .   (no gloves)
Will     ++...                  (no boots)
Stlth    ..........             z - amulet of magic regeneration
HPRegen  1.30/turn              d - ring of flight
MPRegen  0.36/turn              (no ring)

@: berserking, lethally poisoned (-11 -> -11), regenerating, very quick
A: retaliatory headbutt, horns 2
a: Renounce Religion, Evoke Flight, Berserk, Trog's Hand, Brothers in Arms


You were on level 7 of the Dungeon.
You worshipped Trog.
Trog was greatly pleased with you.
You visited 1 branch of the dungeon, and saw 7 of its levels.
You also visited: Ossuary.

You collected 546 gold pieces.

Inventory:

Hand Weapons
 s - a +0 war axe (weapon)
 B - a +2 mace of protection
 C - a +0 morningstar
 F - a +2 whip of electrocution
Armour
 r - a +3 ring mail of cold resistance
 D - a scarf of shadows (worn)
 H - a +0 plate armour (worn)
Jewellery
 d - a ring of flight (left hand)
 z - an amulet of magic regeneration (around neck)
Wands
 i - a wand of paralysis (15)
 q - a wand of polymorph (9)
Scrolls
 b - 2 scrolls of blinking
 c - 3 scrolls of enchant weapon {unknown}
 h - a scroll of random uselessness {unknown}
 k - 2 scrolls of amnesia {unknown}
 l - 6 scrolls of teleportation
 m - a scroll of immolation {unknown}
 o - 5 scrolls of remove curse
 p - a scroll of noise {unknown}
 v - 2 scrolls of magic mapping {unknown}
 y - 2 scrolls of fear {unknown}
 E - 2 scrolls of identify
 G - 3 scrolls of torment {unknown}
Potions
 a - 2 potions of degeneration {unknown}
 e - a potion of might {unknown}
 f - 4 potions of brilliance
 j - 2 potions of heal wounds {unknown}
 n - 2 potions of invisibility
 t - 3 potions of curing {unknown}
 u - 2 potions of mutation {unknown}
 w - 2 potions of cancellation {unknown}
 x - 2 potions of haste {unknown}
 A - a potion of magic {unknown}


   Skills:
 + Level 8.8 Fighting
 + Level 8.8 Axes
 + Level 8.4 Armour
 + Level 7.6 Dodging
 + Level 0.6 Evocations


You had 8 spell levels left.
You didn't know any spells.
Your spell library was empty.

Dungeon Overview and Level Annotations

Branches:
Dungeon (7/15)             Temple (0/1) D:4         Ossuary (visited)

Altars:
Fedhas
Gozag
Okawaru
Qazlal
Sif Muna
Uskayaw

Annotations:
D:7 Menkaure


Innate Abilities, Weirdness & Mutations

You reflexively headbutt those who attack you in melee.
You have a pair of horns on your head.


Message History

Trog accepts your kill.
Trog appreciates your killing of a magic user.
You feel sick.
Menkaure calls on the powers of darkness!
Your body is wracked with pain!
* * * LOW HITPOINT WARNING * * *
You feel sick. Menkaure hits you.
* * * LOW HITPOINT WARNING * * *
Items here: )) [[ †.
A red film seems to cover your vision as you go berserk!
You feel yourself moving faster!
You feel mighty!
You feel sick. Menkaure hits you but does no damage.
Menkaure calls on the powers of darkness!
Your body is wracked with pain!
* * * LOW HITPOINT WARNING * * *
Your plate armour prevents you from hitting Menkaure.
Your headbutt misses Menkaure.
You feel sick.
Menkaure shouts, "The curse of the Pharaohs be upon you!"
Menkaure hits you!
You die...

......## .......#
.......# ....?..#
.......#
.......#####
......M@...#
......###..#
###...##..## #.#
...###..## #.#
###.## ##.##
#.#####... #..#
##.#.....######.##
.#.#.#.)...#.....##
)#.#.......)[.....#


You could see Menkaure (fast).

Vanquished Creatures
  Pikel (D:7)
  Duvessa (D:7)
  An orc warrior (D:7)
  A black bear (D:7)
  A phantom (D:6)
  3 ogres
  3 centaurs
  3 lemures (D:7)
  An elf skeleton (D:4)
  Dowan (D:7)
  A scorpion (D:7)
  5 wights (D:6)
  2 howler monkeys (D:5)
  3 bullfrog zombies
  2 jellies
  5 orc priests
  A gnoll shaman (D:5)
  6 hounds
  2 orc wizards
  A centaur skeleton (D:7)
  A human skeleton (D:4)
  3 iguanas
  Terence (D:3)
  6 worker ants
  A big kobold zombie (Ossuary)
  A hound zombie (D:6)
  2 hound skeletons (D:6)
  8 mummies (Ossuary)
  A howler monkey zombie (D:7)
  A worker ant zombie (D:5)
  Robin (D:3)
  4 gnolls
  6 adders
  A shadow imp (D:6)
  2 white imps
  2 ufetubi
  An ooze (D:1)
  An adder skeleton (D:4)
  2 worms
  A dart slug (D:1)
  A leopard gecko (D:5)
  18 orcs
  5 bats
  3 giant cockroaches
  22 goblins
  6 hobgoblins
  8 jackals
  5 kobolds
  A quokka (D:2)
  A frilled lizard (D:5)
  A giant cockroach zombie (D:5)
  2 gnoll zombies (Ossuary)
  A hobgoblin zombie (Ossuary)
  A jackal zombie (D:7)
  2 kobold zombies (Ossuary)
  4 orc skeletons (D:4)
  2 orc zombies (Ossuary)
  A quokka zombie (D:6)
  7 rats
181 creatures vanquished.

Vanquished Creatures (others)
  5 toadstools (D:1)
5 creatures vanquished.

Grand Total: 186 creatures vanquished

Notes
Turn   | Place    | Note
-------+----------+-------------------------------------------
     0 | D:1      | dtburroughs the Minotaur Berserker began the quest for the
                  | Orb.
     0 | D:1      | Reached XP level 1. HP: 19/19 MP: 0/0
   108 | D:1      | Reached XP level 2. HP: 21/27 MP: 1/1
   255 | D:1      | Reached XP level 3. HP: 22/33 MP: 2/2
   741 | D:1      | Reached ** piety under Trog
  1026 | D:2      | Reached XP level 4. HP: 9/41 MP: 3/3
  1305 | D:2      | Found an iron altar of Okawaru.
  2076 | D:3      | Noticed Terence
  2080 | D:3      | Killed Terence
  2172 | D:3      | Found an opulent altar of Gozag.
  2256 | D:3      | Noticed Robin
  2264 | D:3      | Reached XP level 5. HP: 46/47 MP: 4/4
  2273 | D:3      | Found a hide-covered altar of Uskayaw.
  2281 | D:3      | Killed Robin
  2605 | D:3      | Reached *** piety under Trog
  2614 | D:3      | Found a blossoming altar of Fedhas.
  3033 | D:4      | Noticed an ogre
  3036 | D:4      | Killed an ogre
  3037 | D:4      | Reached skill level 5 in Fighting
  3037 | D:4      | Reached skill level 5 in Axes
  3037 | D:4      | Reached XP level 6. HP: 56/56 MP: 5/5
  3052 | D:4      | Found a sand-covered staircase.
  3057 | Ossuary  | Entered an ossuary
  3354 | D:4      | Reached skill level 5 in Armour
  3468 | D:4      | Reached XP level 7. HP: 47/62 MP: 6/6
  3590 | D:4      | Reached **** piety under Trog
  3734 | D:4      | Found a stormy altar of Qazlal.
  4191 | D:4      | Found a staircase to the Ecumenical Temple.
  4299 | D:5      | Entered Level 5 of the Dungeon
  4317 | D:5      | Reached skill level 5 in Dodging
  4603 | D:5      | Reached XP level 8. HP: 37/71 MP: 7/7
  4997 | D:5      | Found a shimmering blue altar of Sif Muna.
  6675 | D:7      | Reached XP level 9. HP: 81/81 MP: 8/8
  6798 | D:7      | Noticed Pikel
  6808 | D:7      | Killed Pikel
  7399 | D:7      | Noticed Duvessa
  7399 | D:7      | Noticed Dowan
  7406 | D:7      | Noticed Menkaure
  7411 | D:7      | Killed Duvessa
  7420 | D:7      | Killed Dowan
  7422 | D:7      | HP: 5/123 [??? (2)]
  7423 | D:7      | Mangled by Menkaure

Illustrated notes

Levels and vault maps discovered:
D:1:      ldierk_walled_garden, layout_rooms
D:2:      layout_basic, okawaru_gym_becter
D:3:      layout_basic, overflow_temple_1_default, nicolae_gozag_seed_capital,
          eat_drink_and_be_merry_uskayaw, uniq_robin, uniq_terence
D:4:      layout_loops_ring, minmay_temple_entry_water_ring,
          nicolae_ossuary_entry_catacombs, grunt_qazlal_sundering
D:5:      layout_loops_ring, lemuel_blue_sif_altar
D:6:      layout_loops_ring, small_statue_alley_b
D:7:      layout_rooms, serial_shops, shop, nicolae_underground_beach,
          uniq_duvessa, uniq_menkaure, uniq_pikel

Skill      XL: |  1  2  3  4  5  6  7  8  9 |
---------------+----------------------------+-----
Fighting       | 4 5 6 7 8 |  8.8
Axes           | 4 5 6 7 8 |  8.8
Armour         | 3 4 5 6 7 8 |  8.4
Dodging        | 3 4 5 6 7 |  7.6
Evocations     | |  0.6

Action                   |  1- 3 |  4- 6 |  7- 9 || total
-------------------------+-------+-------+-------++-------
Melee: Hand axe          |    67 |    51 |       ||   118
       Headbutt          |     4 |    28 |    51 ||    83
       War axe           |       |    82 |   263 ||   345
Invok: Trog's Hand       |     1 |       |     4 ||     5
       Berserk           |       |       |     1 ||     1
  Use: Scroll            |       |       |     5 ||     5
Armor: Scale mail        |    28 |     9 |       ||    37
       Animal skin       |     2 |       |       ||     2
       Ring mail         |       |    35 |    91 ||   126
       Plate armour      |       |       |    17 ||    17
Dodge: Dodged            |    37 |    87 |   202 ||   326
